 Dungeon Crawl Stone Soup version 0.25-a0-277-g7046ed1b37 (webtiles) character file.

Game seed: 9450979751881790340, levelgen mode: deterministic

24 Jerej03 the Skirmisher (level 2, -19/27 HPs)
             Began as a Draconian Chaos Knight on Dec 9, 2019.
             Was a Plaything of Xom.
             Demolished by a yaktaur (shapeshifter) (29 damage)
             ... on level 2 of the Dungeon.
             The game lasted 00:06:28 (512 turns).

Jerej03 the Skirmisher (Draconian Chaos Knight)      Turns: 512, Time: 00:06:32

Health: -19/27     AC:  4    Str: 14    XL:     2   Next: 79%
Magic:  2/2        EV: 12    Int: 12    God:    Xom [.*....]
Gold:   66         SH:  0    Dex: 10    Spells: 1/1 levels left

rFire    + . .     SeeInvis .   a - +0 spear (chaos)
rCold    . . .     Gourm    .   (no shield)
rNeg     . . .     Faith    .   (armour unavailable)
rPois    .         Spirit   .   (helmet restricted)
rElec    .         Reflect  .   (no cloak)
rCorr    .         Harm     .   (no gloves)
MR       .....                  (no boots)
Stlth    ++........             (no amulet)
HPRegen  0.09/turn              h - ring of stealth
MPRegen  0.08/turn              (no ring)

@: no status effects
A: unfitting armour, talons 1, blurry vision 1, fire resistance 1, cold-blooded,
AC +4
a: Renounce Religion


You were on level 2 of the Dungeon.
You worshipped Xom.
You were a plaything of Xom.
You were not hungry.

You visited 1 branch of the dungeon, and saw 2 of its levels.

You collected 66 gold pieces.

Inventory:

Hand Weapons
 a - a +0 spear of chaos (weapon)
 k - a +3 dagger
Armour
 c - a +0 ring mail
Jewellery
 h - a ring of stealth (left hand)
Scrolls
 d - a scroll of immolation {unknown}
 f - a scroll of remove curse
Potions
 e - a potion of curing {unknown}
 g - a potion of might {unknown}
 i - 2 potions of degeneration
Comestibles
 b - a ration


   Skills:
 + Level 3.7 Fighting
 + Level 3.5 Polearms
 + Level 2.3 Dodging


You had one spell level left.
You didn't know any spells.
Your spell library was empty.

Dungeon Overview and Level Annotations

Branches:
Dungeon (2/15)

Altars:


Innate Abilities, Weirdness & Mutations

Your plain brown scales are hard. (AC +4)
You cannot fit into any form of body armour.
You are cold-blooded and may be slowed by cold attacks.
You have sharp toenails.
Scrolls take you a little longer to read.
Your flesh is heat resistant. (rF+)


Message History

You hit the yaktaur but do no damage. Your kick misses the yaktaur.
You hit the yaktaur.
The yaktaur is poisoned.
The yaktaur is lightly wounded.
The yaktaur hits you but does no damage.
You hit the yaktaur.
The yaktaur is lightly wounded.
The yaktaur hits you.
You hit the yaktaur.
The yaktaur is lightly wounded.
The yaktaur hits you but does no damage.
You hit the yaktaur.
The yaktaur seems to grow stronger.
You claw the yaktaur.
The yaktaur is moderately wounded.
The yaktaur hits you!
You hit the yaktaur but do no damage. Lightning courses through the yaktaur!
You claw the yaktaur.
The yaktaur is severely wounded.
The yaktaur hits you!!
Ouch! That really hurt!
You die...
Xom titters! .. .. #. #. #. #. #c###### #.@...<# ########

You could see a yaktaur shaped shifter.

Vanquished Creatures
  An ooze (D:1)
  A dart slug (D:1)
  A giant cockroach (D:1)
  A goblin (D:1)
  5 hobgoblins (D:1)
  A ball python (D:1)
  3 bats
  3 frilled lizards (D:1)
  A kobold (D:1)
  A rat (D:1)
18 creatures vanquished.

Notes
Turn   | Place    | Note
-------+----------+-------------------------------------------
     0 | D:1      | Jerej03 the Draconian Chaos Knight began the quest for the
                  | Orb.
     0 | D:1      | Reached XP level 1. HP: 19/19 MP: 1/1
   145 | D:1      | Reached XP level 2. HP: 26/26 MP: 2/2
   174 | D:1      | XOM: silly message
   217 | D:1      | XOM: divination: detect creatures
   325 | D:1      | XOM: harmless Summ miscast
   366 | D:1      | Gained mutation: Your muscles are strong. (Str +2) [potion
                  | of mutation]
   366 | D:1      | Gained mutation: Your tail ends in a poisonous barb.
                  | [potion of mutation]
   366 | D:1      | Gained mutation: You expend magic power (3 MP) to
                  | strengthen your wands. [potion of mutation]
   367 | D:1      | Lost mutation: You expend magic power (3 MP) to strengthen
                  | your wands. [potion of mutation]
   367 | D:1      | Lost mutation: Your muscles are strong. (Str +2) [potion of
                  | mutation]
   367 | D:1      | Lost mutation: Your tail ends in a poisonous barb. [potion
                  | of mutation]
   367 | D:1      | Gained mutation: You have sharp toenails. [potion of
                  | mutation]
   367 | D:1      | Gained mutation: Scrolls take you a little longer to read.
                  | [potion of mutation]
   367 | D:1      | Gained mutation: Your flesh is heat resistant. (rF+)
                  | [potion of mutation]
   506 | D:2      | Noticed a shapeshifter
   506 | D:2      | an adder changed into a shapeshifter
   506 | D:2      | Noticed a yaktaur
   506 | D:2      | a shapeshifter changed into a yaktaur
   512 | D:2      | Demolished by a yaktaur (shapeshifter)

Levels and vault maps discovered:
D:1:      matt_arrival_los_fun, layout_rooms, minmay_statues_item
D:2:      layout_basic, nicolae_overflow_crystal_walls, first_ration,
          xom_redecorated

Action                   || total
-------------------------++-------
Melee: Spear             ||    60
       Tailslap          ||     6
       Kick              ||     3
  Use: Scroll            ||     3
       Potion            ||     2
Armor: Skin              ||    20
Dodge: Dodged            ||    39

Table legend:
 A = Non-vault XP
 B = Vault XP
 C = Vault XP percentage of total XP
 D = Non-vault monster count
 E = Vault monster count
 F = Vault count percentage of total count
                 A         B        C        D         E       F
            +---------+---------+-------+---------+---------+-------
      Total |      35 |       0 |   0.0 |      18 |       0 |   0.0
            +---------+---------+-------+---------+---------+-------
        D:1 |      33 |       0 |   0.0 |      17 |       0 |   0.0
        D:2 |       2 |       0 |   0.0 |       1 |       0 |   0.0
            +---------+---------+-------+---------+---------+-------
